cohdb
Replays
Latest Replays
All Replays
Popular Replays
Top Player Replays
Match Explorer
How It Works
Community
CoH3 Stats
Reddit
Sign in to upload your games and track your stats! →
Sign in with Steam
Match 20297568
Unlisted
Match 20297568
Overview
Messages
Build Orders
End
Construct Barracks
Selects Armored Battlegroup
Selects Veteran Crews
Riflemen Squad
Riflemen Squad
Riflemen Squad
Riflemen Squad
Infantry Support Center
Munitions Surplus
M1918 Browning Automatic Rifles
Selects Strength in Steel
Grenade Package
Demolitions Package
Survival Training
Selects Seek and Destroy
Selects UNKNOWN (2160077)
Selects M31 Recovery Vehicle
Riflemen Squad
Engineer Squad
Construct Tank Depot
Selects War Machine
M4A3E8 Sherman Easy Eight
Advanced Logistics
Seek and Destroy
M4A3E8 Sherman Easy Eight
Construct Medical Station
M31 Recovery Vehicle
kuzu1
ShadowStorm
kerem
Cracker
JBMEIZO
PSilence
0
0
Comments
sign in to comment!
No comments posted yet!